 Dungeon Crawl Stone Soup version 0.32-a0-876-gcfddb08e57 (webtiles) character file.

Game seed: 3609775093763661454

280 spaghetti the Trooper (level 6, 0/9 HPs)
             Began as a Naga Chaos Knight on Mar 31, 2024.
             Was a Plaything of Xom.
             Slain by a gnoll
             ... wielding a +0 spear
              (3 damage)
             ... on level 4 of the Dungeon.
             The game lasted 00:04:25 (2366 turns).

spaghetti the Trooper (Naga Chaos Knight)           Turns: 2366, Time: 00:04:26

Health: 0/9        AC:  2    Str: 23 (24) XL:     6   Next: 27%
Magic:  0/6        EV:  7    Int: 11 (12) God:    Xom [....*.]
Gold:   112        SH:  0    Dex:  8 (11) Spells: 5/5 levels left

rFire   + + .        a - melded +0 falchion (chaos)
rCold   x . .        (shield currently unavailable)
rNeg    . . .        b - melded +2 leather armour
rPois   +            (helmet currently unavailable)
rElec   .            (cloak currently unavailable)
rCorr   .            (gloves currently unavailable)
SInv    +            (no barding)
Will    .....        g - amulet of guardian spirit
Stlth   +            (no ring)
HPRegen 0.21/turn    (no ring)
MPRegen 0.10/turn

%: guardian spirit
@: short of breath, dragon-form, flying
A: dragon claw, dragon scales, breathe fire, flying, reduced hp, AC +2, giant,
see invisible, (deformed body), (poison resistance), (slowness 2), spit poison
1, (naga tail 1), (horns 1), clumsy 1, (cold resistance 1), deterioration 1,
inability to drink after injury 1
a: Spit Poison, Breathe Fire, Begin Untransformation, Renounce Religion


You were on level 4 of the Dungeon.
You worshipped Xom.
You were a beloved toy of Xom.
You were a fearsome dragon!
You visited 1 branch of the dungeon, and saw 4 of its levels.

You collected 112 gold pieces.

Inventory:

Hand Weapons
 a - a +0 falchion of chaos (melded)
Missiles
 d - a throwing net
Armour
 b - a +2 leather armour (melded)
Jewellery
 g - an amulet of guardian spirit (around neck)
Talismans
 c - a dragon-blood talisman (active)
Wands
 e - a wand of flame (20)
Scrolls
 f - a scroll of identify
 h - a scroll of teleportation
Potions
 i - a potion of curing


   Skills:
 - Level 5.0 Fighting
 - Level 3.0 Long Blades
 - Level 1.5 Armour
 - Level 3.3 Dodging
 + Level 1.5 Shapeshifting


You had 5 spell levels left.
You didn't know any spells.
Your spell library was empty.

Dungeon Overview and Level Annotations

Branches:
Dungeon (4/15)
 Temple: D:4-7

Altars:


Innate Abilities, Weirdness & Mutations

You are a fearsome dragon!
You have a powerful clawing attack.
Your giant scaled body is strong and resilient, but less evasive.
You can breathe fire.
You are flying.
Your maximum health is decreased, since you lack skill for your form.
Your armour is entirely melded.
You are incapable of wielding weapons or throwing items.
((Your serpentine skin is tough. (AC +2)))
You have supernaturally acute eyesight. (SInv)
((Armour fits poorly on your strangely shaped body.))
((Your system is resistant to poisons. (rPois)))
((You cover ground very slowly.))
You can spit poison.
((You have a snake-like lower body.))
((You have a pair of small horns on your head.))
You are clumsy. (Dex -2)
((Your flesh is cold resistant. (rC+)))
Your body sometimes deteriorates upon taking damage.
You occasionally lose the ability to drink potions when taking damage.


Message History

No target in view!
No target in view!
No target in view!
No target in view!
No target in view!
No target in view!
No target in view!
No target in view!
No target in view!
No target in view!
No target in view!
No target in view!
No target in view!
No target in view!
No target in view!
No target in view!
You see here an iguana corpse.
Found a stone staircase leading up.
You have got your breath back.
You now have 103 gold pieces (gained 6).
e - a wand of flame (20)
i - a potion of curing
Found an escape hatch in the floor.
You now have 112 gold pieces (gained 9).
A ball python and 2 gnolls come into view.
The ball python hisses angrily.
The gnoll shouts! x2; You hear a shout!
You breathe a blast of fire.
The fiery breath hits the ball python!
You kill the ball python!
A gnoll comes into view. It is wielding a +0 spear.
A gnoll comes into view. It is wielding a +0 spear.
An ice beast comes into view.
Found 9 gold pieces.
The gnoll shouts!
You hit the gnoll. You bite the gnoll!
The gnoll is almost dead.
The gnoll hits you from afar with a +0 spear!
Ouch! That really hurt!
The gnoll hits you with a +0 spear.
You die...
Xom snickers!

~.♣ ##.#..>#......
.$~~≈≈P~.###.#..##......
.PY~~~~~................
..~~~~.~♣..#)#..###.....
..~~.~~...............<.
..~~~~~P...........#####
##.~g~..#........P...#
#.gP...g#####....~.♣.#
.....g.D..####~~~~.~...
########.....P~~~~~~♣..
#....>.~~≈≈~~..
#......~♣≈≈.~.#
#.....P~~≈≈~~.#
######.~~~~P~.#
##~.P~~..# P~~~.~...
#P~~~P...


You could see an ice beast and 4 gnolls.

Vanquished Creatures
  An orc priest (D:3)
  A sleepcap (D:4)
  2 orc wizards (D:3)
  An iguana (D:4)
  4 adders (D:2)
  3 gnolls (D:3)
  3 orcs (D:3)
  7 bats
  6 endoplasms
  A giant cockroach (D:4)
  5 goblins
  4 hobgoblins
  3 jackals (D:3)
  3 quokkas
  4 ball pythons
  2 frilled lizards
  5 kobolds
  4 rats
59 creatures vanquished.

Vanquished Creatures (others)
  An orc wizard (D:3)
1 creature vanquished.

Grand Total: 60 creatures vanquished

Notes
Turn   | Place    | Note
-------+----------+-------------------------------------------
     0 | D:1      | spaghetti the Naga Chaos Knight began the quest for the
                  | Orb.
     0 | D:1      | Reached XP level 1. HP: 21/21 MP: 1/1
    97 | D:1      | Reached skill level 1 in Dodging
   220 | D:1      | Reached XP level 2. HP: 27/28 MP: 2/2
   327 | D:1      | Gained mutation: Your body sometimes deteriorates upon
                  | taking damage. [potion of mutation]
   327 | D:1      | Gained mutation: You are clumsy. (Dex -2) [potion of
                  | mutation]
   327 | D:1      | Gained mutation: You occasionally lose the ability to drink
                  | potions when taking damage. [potion of mutation]
   327 | D:1      | Gained mutation: Your flesh is cold resistant. (rC+)
                  | [potion of mutation]
   654 | D:1      | XOM: silly message
   808 | D:2      | Reached XP level 3. HP: 32/34 MP: 3/3
  1255 | D:2      | Reached XP level 4. HP: 44/44 MP: 4/4
  1256 | D:2      | Reached skill level 4 in Fighting
  1473 | D:2      | XOM: silly message
  1717 | D:3      | XOM: silly message
  1932 | D:3      | XOM: scenery: summon butterflies
  1964 | D:3      | XOM: give mutation
  1964 | D:3      | Gained mutation: You have a pair of small horns on your
                  | head. [Xom's grace]
  1968 | D:3      | XOM: confusion (+ monsters)
  2074 | D:3      | XOM: confuse monster(s)
  2082 | D:3      | Reached XP level 5. HP: 51/51 MP: 5/5
  2100 | D:3      | XOM: scenery: summon butterflies
  2205 | D:3      | XOM: smoke on damage
  2217 | D:3      | Reached skill level 5 in Fighting
  2217 | D:3      | Reached XP level 6. HP: 38/61 MP: 6/6
  2237 | D:3      | XOM: god gift: dragon-blood talisman
  2293 | D:4      | Reached skill level 1 in Shapeshifting
  2365 | D:4      | Noticed an ice beast
  2366 | D:4      | Slain by a gnoll

Illustrated notes

Levels and vault maps discovered:
D:1:      hellmonk_arrival_library, layout_basic
D:2:      layout_basic, corexii_leaking_fountain, nicolae_figureground_pulse
D:3:      layout_basic, shapermc_ecumenical_altar_petra
D:4:      layout_rooms, kennysheep_little_box, serial_bayou,
          serial_bayou_pond_b, serial_bayou_pond_b, serial_bayou_pond_b,
          serial_bayou_shore_a, serial_bayou_pond_c, serial_bayou_pond_d,
          uniq_menkaure, uniq_grinder, uniq_ijyb

Skill      XL: |  1  2  3  4  5  6 |
---------------+-------------------+-----
Dodging        | 1 2 3 |  3.3
Fighting       | 4 5 |  5.0
Shapeshifting  | 1 |  1.5
Long Blades    | |  3.0
Armour         | |  1.5

Action                     |  1- 3 |  4- 6 || total
---------------------------+-------+-------++-------
  Melee: Falchion          |    58 |    66 ||   124
         Headbutt          |       |     4 ||     4
         Unarmed           |       |     6 ||     6
         Bite              |       |     4 ||     4
         Tailslap          |       |     2 ||     2
Ability: Spit Poison       |    21 |     9 ||    30
         Breathe Fire      |       |     3 ||     3
    Use: Scroll            |     6 |     1 ||     7
         Potion            |     3 |     2 ||     5
 Armour: Leather armour    |    45 |    58 ||   103
         Skin              |       |     2 ||     2
  Dodge: Dodged            |    32 |    48 ||    80
   Form: Dragon            |       |     1 ||     1

Table legend: (Time is in decaauts)
 A = Elapsed time spent in this place.
 B = Non-inter-level travel time spent in this place.
 C = Inter-level travel time spent in this place.
 D = Time resting spent in this place.
 E = Time spent auto-exploring this place.
 F = Levels seen in this place.
 G = Mean time per level.
                   A        B        C        D        E       F      G
               +--------+--------+--------+--------+--------+-----+--------+
         Total |   3037 |   2917 |    120 |    142 |   2300 |   4 |  759.2 |
       Dungeon |   3037 |   2917 |    120 |    142 |   2300 |   4 |  759.2 |
               +--------+--------+--------+--------+--------+-----+--------+

Top non-repeatable levels by time:
     D:2: 1106 daAuts
     D:1: 1062 daAuts
     D:3: 779 daAuts
     D:4: 88 daAuts
